 Dungeon Crawl Stone Soup version 0.25-a0-737-g26c3a87c45 (webtiles) character file.

Game seed: 15009239632541397214, levelgen mode: deterministic

1878 Esekla the Chopper (level 9, -3/65 HPs)
             Began as a Barachi Warper on Apr 12, 2020.
             Was an Initiate of Gozag.
             Slain by a manticore (11 damage)
             ... on level 7 of the Dungeon.
             The game lasted 00:44:49 (6685 turns).

Esekla the Chopper (Barachi Warper)                 Turns: 6685, Time: 00:44:49

Health: -3/65      AC: 10    Str: 13    XL:     9   Next: 14%
Magic:  15/15      EV: 14    Int: 15    God:    Gozag
Gold:   948        SH:  0    Dex: 16    Spells: 13/17 levels left

rFire    . . .     SeeInvis +   z - +7 war axe of Dismemberment {flame, Dex+3 SInv}
rCold    + . .     Gourm    .   (no shield)
rNeg     . . .     Faith    .   D - +2 robe {rC+}
rPois    .         Spirit   .   (no helmet)
rElec    .         Reflect  .   (no cloak)
rCorr    .         Harm     .   j - +2 pair of gloves
MR       .....                  A - +2 pair of boots
Stlth    +.........             (no amulet)
HPRegen  0.20/turn              (no ring)
MPRegen  0.14/turn              (no ring)

@: barbed spikes, slow
A: +LOS, swims, slowness 1, strong legs 1
a: Hop, Potion Petition, Call Merchant, Bribe Branch, Renounce Religion


You were on level 7 of the Dungeon.
You worshipped Gozag.
Gozag was pleased with you.
You were not hungry.

You visited 1 branch of the dungeon, and saw 7 of its levels.
You also visited: Ossuary.

You collected 973 gold pieces.
You paid 25 gold pieces to Gozag.

Inventory:

Hand Weapons
 a - a +0 falchion
 z - the +7 war axe of Dismemberment (weapon) {flame, Dex+3 SInv}
   (You found it on level 4 of the Dungeon)

   It has been specially enchanted to burn those struck by it, causing extra
   injury to most foes and up to half again as much damage against particularly
   susceptible opponents.
   Big, fiery blades are also staple armaments of hydra-hunters.
   It affects your dexterity (+3).
   It lets you see invisible.
 C - a +3 short sword of venom
Missiles
 e - 6 boomerangs of dispersal
 m - 34 poisoned darts (quivered)
 J - 4 boomerangs
Armour
 j - a +2 pair of gloves (worn)
 A - a +2 pair of boots (worn)
 D - a +2 robe of cold resistance (worn)
Jewellery
 h - an uncursed ring of magical power
 o - an uncursed ring of protection from cold
Wands
 f - a wand of digging (4)
 w - a wand of iceblast (3)
Scrolls
 b - a scroll of amnesia {unknown}
 c - 5 scrolls of teleportation
 d - 2 scrolls of blinking
 g - a scroll of identify
 l - a scroll of magic mapping
 p - a scroll of noise {unknown}
 t - 3 scrolls of remove curse
 u - a scroll of enchant armour {unknown}
 v - 3 scrolls of immolation
 y - a scroll of fear {unknown}
 E - a scroll of random uselessness {unknown}
 H - a scroll of enchant weapon {unknown}
Potions
 i - a potion of berserk rage
 k - 3 potions of lignification
 n - a potion of invisibility
 q - a potion of magic
 s - 8 potions of curing
 x - a potion of brilliance
 B - 2 potions of stabbing
 F - 2 potions of might
 I - a potion of ambrosia {unknown}
Comestibles
 G - a ration


   Skills:
 + Level 3.9 Fighting
 - Level 6.0 Long Blades
 * Level 7.9 Axes
 + Level 1.3 Throwing
 + Level 3.1 Armour
 + Level 3.8 Dodging
 + Level 4.5 Spellcasting
 + Level 4.0 Charms
 + Level 3.7 Translocations


You had 13 spell levels left.
You knew the following spells:

 Your Spells              Type           Power        Failure   Level  Hunger
a - Shroud of Golubria    Chrm/Tloc      ###...       5%          2    ##.....
b - Blink                 Tloc           N/A          5%          2    ##.....

Your spell library contained the following spells:

 Spells                   Type           Power        Failure   Level  Hunger
 Gell's Gravitas          Tloc           ##........   11%         3    ###....
 Lesser Beckoning         Tloc           ##........   11%         3    ###....
 Teleport Other           Tloc           ##......     11%         3    ###....
 Passage of Golubria      Tloc           N/A          36%         4    ####...


Dungeon Overview and Level Annotations

Branches:
Dungeon (7/15)             Temple (0/1) D:5         Ossuary (visited)

Altars:
Gozag
Trog
Zin


Innate Abilities, Weirdness & Mutations

You can be seen from farther away. (+LOS)
You can swim through water.
You cover ground slowly.
You can hop short distances.


Message History

The manticore is moderately wounded.
You slash the manticore! You burn the manticore.
The manticore is heavily wounded.
The manticore bites you but does no damage.
The manticore claws you!
* * * LOW HITPOINT WARNING * * *
The manticore closely misses you.
You feel much better. The manticore barely misses you. The manticore claws you!
The manticore claws you but does no damage.
You barely miss the manticore.
The manticore is severely wounded.
The manticore bites you!
* * * LOW HITPOINT WARNING * * *
The manticore closely misses you.
The manticore claws you but does no damage.
You barely miss the manticore.
The manticore is severely wounded.
The manticore bites you!
You die...
Your body crumbles into a pile of gold.

#.......# +.(.....#
#.#####.# #.......# #.#
#.# #.......# #.#####.#
##(......# #.....#.#
#(.......# #####.#.#
##........# #.#.######
#(........#
#.#.##...###H..........
#.#........@...........
#.####...####.......(..
#.#...)..# #......##..
#.#.#....# #......# .
######.#.#....#
#......#
#..)).)#......#
#.######
#<########....# #.# #.#
#.........# #.#
#.###.#####...# .#


You could see a manticore.

Vanquished Creatures
  Sigmund (D:3)
  Edmund (D:4)
  A water moccasin (D:6)
  A sky beast (D:7)
  3 ogres
  Blork the orc (D:4)
  An elf zombie (Ossuary)
  2 howler monkeys (D:5)
  2 crimson imps (D:5)
  A centaur zombie (Ossuary)
  A bullfrog zombie (D:6)
  3 hounds
  2 jellies
  A human zombie (Ossuary)
  2 bullfrog skeletons
  An iguana (D:4)
  5 orc wizards
  4 worker ants
  2 mummies (Ossuary)
  4 gnolls (D:2)
  4 adders
  A shadow imp (D:5)
  3 oozes
  7 adder zombies
  2 adder skeletons
  4 worms
  6 leopard geckos
  13 orcs
  4 giant cockroaches
  5 goblins
  5 hobgoblins
  19 jackals
  2 quokkas
  A ball python (D:3)
  12 bats
  8 frilled lizards
  A goblin zombie (Ossuary)
  8 hobgoblin zombies (Ossuary)
  3 jackal zombies (Ossuary)
  10 kobolds
  10 kobold zombies (Ossuary)
  7 orc zombies (Ossuary)
  7 rats
  A rat zombie (Ossuary)
182 creatures vanquished.

Notes
Turn   | Place    | Note
-------+----------+-------------------------------------------
     0 | D:1      | Esekla the Barachi Warper began the quest for the Orb.
     0 | D:1      | Reached XP level 1. HP: 17/17 MP: 3/3
   132 | D:1      | Reached XP level 2. HP: 18/23 MP: 5/5
   430 | D:1      | Reached XP level 3. HP: 28/28 MP: 6/6
   589 | D:1      | You fall into a shaft and drop 1 floor!
   711 | D:2      | Learned a level 2 spell: Shroud of Golubria
   714 | D:2      | Learned a level 2 spell: Blink
   761 | D:2      | Found a glowing silver altar of Zin.
   762 | D:2      | Found an opulent altar of Gozag.
   915 | D:2      | Reached skill level 1 in Charms
   915 | D:2      | Reached XP level 4. HP: 18/34 MP: 4/7
  1724 | D:2      | Reached XP level 5. HP: 40/40 MP: 9/9
  1910 | D:2      | Became a worshipper of Gozag Ym Sagoz the Greedy
  1991 | D:3      | Noticed Sigmund
  2335 | D:3      | Killed Sigmund
  2335 | D:3      | Reached skill level 5 in Long Blades
  2335 | D:3      | Reached XP level 6. HP: 18/47 MP: 10/10
  3038 | D:4      | Got a faintly glowing war axe
  3039 | D:4      | Identified the +7 war axe of Dismemberment {flame, Dex+3
                  | SInv} (You found it on level 4 of the Dungeon)
  3068 | D:4      | Reached skill level 1 in Axes
  3068 | D:4      | Reached XP level 7. HP: 24/52 MP: 12/12
  3089 | D:4      | Noticed Edmund
  3279 | D:4      | Killed Edmund
  3279 | D:4      | Reached skill level 2 in Axes
  3575 | D:5      | Entered Level 5 of the Dungeon
  3577 | D:5      | Found a staircase to the Ecumenical Temple.
  3640 | D:5      | Reached skill level 3 in Axes
  3670 | D:5      | Found a sand-covered staircase.
  3768 | Ossuary  | Entered an ossuary
  3919 | Ossuary  | Reached skill level 4 in Axes
  3919 | Ossuary  | Reached XP level 8. HP: 58/58 MP: 13/13
  4290 | D:5      | Reached skill level 5 in Axes
  4557 | D:4      | Noticed Blork the orc
  4565 | D:4      | Killed Blork the orc
  4786 | D:5      | Reached skill level 6 in Axes
  5475 | D:6      | Found a bloodstained altar of Trog.
  5958 | D:6      | Reached skill level 7 in Axes
  6197 | D:6      | Reached XP level 9. HP: 65/65 MP: 15/15
  6660 | D:7      | Noticed a manticore
  6685 | D:7      | Slain by a manticore

Levels and vault maps discovered:
D:1:      elethiomel_arrival_infinity_welcomes_careful_drivers, layout_basic,
          minmay_misc_feat_rows
D:2:      minmay_spotlight, layout_rooms, grunt_temple_overflow_gold_and_silver,
          first_ration, minmay_pentomino_x4
D:3:      layout_loops_ring, grunt_decor_one_mirror, uniq_sigmund
D:4:      layout_rooms, uniq_blork_the_orc, uniq_edmund
D:5:      layout_basic, minmay_temple_entry_sparse_star,
          nicolae_ossuary_entry_false_entrances, minmay_liquid_box,
          kennysheep_boxes
D:6:      layout_layer_cave, marbit_many_paths
D:7:      layout_basic, kennysheep_mini_moat, gammafunk_temple_overflow_pools,
          nicolae_ru_path_of_blood, lemuel_angel_altar

Skill      XL: |  1  2  3  4  5  6  7  8 |
---------------+-------------------------+-----
Long Blades    | 3 4 5 6 |  6.0
Charms         | 1 2 3 4 |  4.0
Armour         | 2 3 |  3.1
Fighting       | 3 |  3.9
Spellcasting   | 3 4 |  4.5
Axes           | 1 4 7 |  7.9
Dodging        | 3 |  3.8
Throwing       | |  1.3
Translocations | |  3.7

Action                   |  1- 3 |  4- 6 |  7- 9 || total
-------------------------+-------+-------+-------++-------
Melee: Falchion          |   120 |   223 |       ||   343
       War axe           |       |    18 |   201 ||   219
Throw: Dart              |     8 |    18 |    14 ||    40
       Boomerang         |     1 |       |       ||     1
 Cast: Shroud of Golubri |     2 |     9 |     8 ||    19
 Abil: Hop               |       |     1 |     1 ||     2
Evoke: Wand              |       |       |     1 ||     1
  Use: Scroll            |       |     3 |    11 ||    14
       Potion            |       |       |     1 ||     1
  Eat: Chunk             |     1 |     3 |       ||     4
       Ration            |       |     2 |     4 ||     6
Armor: Leather armour    |    42 |    63 |    38 ||   143
       Robe              |       |       |    16 ||    16
Dodge: Dodged            |    91 |   176 |   115 ||   382
       Rpst.: Falchion   |    25 |    52 |       ||    77

Table legend:
 A = Non-vault XP
 B = Vault XP
 C = Vault XP percentage of total XP
 D = Non-vault monster count
 E = Vault monster count
 F = Vault count percentage of total count
                 A         B        C        D         E       F
            +---------+---------+-------+---------+---------+-------
      Total |    1905 |     779 |  29.0 |     133 |      49 |  26.9
            +---------+---------+-------+---------+---------+-------
        D:1 |      44 |       0 |   0.0 |      23 |       0 |   0.0
        D:2 |     107 |      23 |  17.7 |      28 |       6 |  17.6
        D:3 |     120 |     220 |  64.7 |      33 |       1 |   2.9
        D:4 |     320 |     253 |  44.2 |      17 |       2 |  10.5
        D:5 |     457 |       0 |   0.0 |      13 |       0 |   0.0
        D:6 |     560 |       5 |   0.9 |      13 |       1 |   7.1
        D:7 |     297 |       0 |   0.0 |       6 |       0 |   0.0
    Ossuary |       0 |     278 | 100.0 |       0 |      39 | 100.0
            +---------+---------+-------+---------+---------+-------
